 Dungeon Crawl Stone Soup version 0.23.2-33-g5129a83184 (webtiles) character file.

Game seed: 694667667188288611

37 Exodus22XD the Magician (level 3, -10/19 HPs)
             Began as a Deep Elf Wizard on July 1, 2019.
             Mangled by a hornet (13 damage)
             ... on level 2 of the Dungeon.
             The game lasted 00:03:16 (1241 turns).

Exodus22XD the Magician (Deep Elf Wizard)           Turns: 1241, Time: 00:03:16

Health: -10/19     AC:  3    Str:  4    XL:     3   Next: 23%
Magic:  6/10       EV: 13    Int: 23    God:
Gold:   47         SH:  0    Dex: 13    Spells: 7/10 levels left

rFire    . . .     SeeInvis .   c - +0 short sword
rCold    . . .     Gourm    .   (no shield)
rNeg     . . .     Faith    .   a - +0 robe
rPois    .         Spirit   .   b - +0 hat
rElec    .         Reflect  .   (no cloak)
rCorr    .         Harm     .   f - +0 pair of gloves
MR       .....                  (no boots)
Stlth    ++........             (no amulet)
HPRegen  0.06/turn              (no ring)
MPRegen  0.12/turn              (no ring)

@: slowed, very slow
A: no striking features
a: no special abilities


You were on level 2 of the Dungeon.
You were hungry.

You visited 1 branch of the dungeon, and saw 2 of its levels.

You collected 47 gold pieces.

Inventory:

Hand Weapons
 c - a +0 short sword (weapon)
Armour
 a - a +0 robe (worn)
 b - a +0 hat (worn)
 f - a +0 pair of gloves (worn)
Scrolls
 e - 2 scrolls of enchant weapon {unknown}
 h - a scroll of fear {unknown}
 i - 3 scrolls of teleportation {unknown}
Potions
 g - 3 potions of curing {unknown}
Comestibles
 d - a ration


   Skills:
 - Level 2.4 Dodging
 - Level 2.4 Stealth
 - Level 4.4 Spellcasting
 - Level 3.1 Conjurations
 * Level 2.0 Summonings
   Level 1.1 Translocations


You had 7 spell levels left.
You knew the following spells:

 Your Spells              Type           Power        Failure   Level  Hunger
a - Magic Dart            Conj           ###.         2%          1    None
b - Call Imp              Summ           ##......     7%          2    None

Your spell library contained the following spells:

 Spells                   Type           Power        Failure   Level  Hunger
 Blink                    Tloc           N/A          10%         2    None
 Slow                     Hex            #.......     16%         2    None
 Conjure Flame            Conj/Fire      ##......     16%         3    ##.....
 Mephitic Cloud           Conj/Pois/Air  #.......     21%         3    ##.....


Dungeon Overview and Level Annotations

Branches:
Dungeon (2/15)

Altars:
Nemelex Xobeh


Message History

The floor.
Casting: Magic Dart (safe; 2% risk of failure)
Confirm with . or Enter, or press ? or * to list all spells.
A beastly little devil appears in a puff of flame.
The hornet stings you.
You feel yourself slow down. The hornet misses you.
Your crimson imp hits the hornet but does no damage.
The hornet barely misses you.
A hobgoblin comes into view. It is wielding a +0 club.
You feel yourself speed up. The hornet misses you.
Your crimson imp misses the hornet.
The hornet stings you!
Ouch! That really hurt!
* * * LOW HITPOINT WARNING * * *
You feel yourself slow down.
A kobold comes into view.
Your crimson imp barely misses the hornet.
The hornet stings you!
Ouch! That really hurt!
You die...

... ... #.# .. #.# ...
#.# .K.g### #.#
#....###.# ##..y..#
.##+#<.5@..#
......#....#
####..............# #
.................# ..
#.#.....###+##.....# ...
#.#.....# #........#....
.......########.###....
###.....##.....⌠.⌠......
..#.....#......._.......


You could see a hornet, a hobgoblin, a kobold and a friendly crimson imp.

Vanquished Creatures
  An ooze (D:1)
  A worm (D:2)
  A goblin (D:1)
  4 hobgoblins
  7 jackals (D:1)
  5 kobolds (D:1)
  4 bats (D:1)
  A frilled lizard (D:1)
  2 rats
26 creatures vanquished.

Notes
Turn   | Place    | Note
-------+----------+-------------------------------------------
     0 | D:1      | Exodus22XD the Deep Elf Wizard began the quest for the Orb.
     0 | D:1      | Reached XP level 1. HP: 10/10 MP: 7/7
   234 | D:1      | Reached XP level 2. HP: 15/15 MP: 6/9
   238 | D:1      | Learned a level 2 spell: Call Imp
   835 | D:1      | Reached XP level 3. HP: 19/19 MP: 3/10
  1135 | D:2      | Found a sparkling altar of Nemelex Xobeh.
  1235 | D:2      | Noticed a hornet
  1241 | D:2      | Mangled by a hornet

Skill      XL: |  1  2  3 |
---------------+----------+-----
Conjurations   | 2 3 |  3.1
Summonings     | 2 |  2.0
Dodging        | |  2.4
Stealth        | |  2.4
Spellcasting   | |  4.4
Translocations | |  1.1

Action                   || total
-------------------------++-------
Melee: Short sword       ||    12
 Cast: Magic Dart        ||    58
       Call Imp          ||     1
Armor: Robe              ||     6
Dodge: Dodged            ||    17
